 Dungeon Crawl Stone Soup version 0.30-a0-210-g01b79a254e (webtiles) character file.

Game seed: 1480941458824878287

555 LnG the Sneak (level 7, -4/38 HPs)
             Began as a Kobold Summoner on Oct 5, 2022.
             Slain by a wyvern (16 damage)
             ... on level 5 of the Dungeon.
             The game lasted 00:08:41 (3830 turns).

LnG the Sneak (Kobold Summoner)                     Turns: 3830, Time: 00:08:42

Health: -4/38      AC:  8    Str:  5    XL:     7   Next: 56%
Magic:  14/20      EV: 15    Int: 19    God:
Gold:   255        SH:  0    Dex: 15    Spells: 3/12 levels left

rFire   . . .      SeeInvis .    c - +3 dagger (freeze)
rCold   . . .      Faith    .    (no shield)
rNeg    . . .      Spirit   .    a - +0 robe
rPois   .          Reflect  .    r - +0 helmet
rElec   .          Harm     .    (no cloak)
rCorr   .          Rampage  .    (no gloves)
Will    .....                    h - +0 pair of boots
Stlth   +++++.....               (no amulet)
HPRegen 0.26/turn                e - ring of magical power
MPRegen 0.17/turn                m - +4 ring of protection

@: about to teleport
A: small, no large weapons, nightstalker 3
a: no special abilities


You were on level 5 of the Dungeon.
You visited 1 branch of the dungeon, and saw 5 of its levels.

You collected 255 gold pieces.

Inventory:

Hand Weapons
 c - a +3 dagger of freezing (weapon)
 n - a +2 dagger of freezing
Armour
 a - a +0 robe (worn)
 h - a +0 pair of boots (worn)
 r - a +0 helmet (worn)
Jewellery
 e - a ring of magical power (left hand)
 m - a +4 ring of protection (right hand)
Wands
 s - a wand of flame (15)
 t - a wand of polymorph (8)
Scrolls
 d - a scroll of poison
 f - a scroll of noise
 g - 3 scrolls of immolation
 i - a scroll of blinking
 k - a scroll of teleportation
 u - a scroll of vulnerability {unknown}
 w - a scroll of amnesia {unknown}
Potions
 b - 5 potions of magic
 j - a potion of heal wounds
 l - a potion of cancellation {unknown}
 o - a potion of curing {unknown}
 p - a potion of might {unknown}
 q - a potion of brilliance {unknown}
 v - a potion of haste {unknown}


   Skills:
 + Level 1.4 Fighting
 + Level 3.7 Short Blades
 + Level 3.8 Dodging
 * Level 7.6 Stealth
 + Level 3.0 Spellcasting
 + Level 4.9 Summonings


You had 3 spell levels left.
You knew the following spells:

 Your Spells              Type           Power      Damage    Failure   Level
a - Summon Small Mammal   Summ           84%        N/A       1%          1
b - Call Imp              Summ           21%        N/A       3%          2
c - Call Canine Familiar  Summ           21%        N/A       6%          3
d - Summon Guardian Gole  Hex/Summ       12%        N/A       17%         3

Your spell library contained the following spells:

 Spells                   Type           Power      Damage    Failure   Level
 Summon Lightning Spire   Summ/Air       12%        N/A       50%         4


Dungeon Overview and Level Annotations

Branches:
Dungeon (5/15)
 Temple: D:4-7

Altars:
Kikubaaqudgha
Qazlal
Uskayaw


Innate Abilities, Weirdness & Mutations

You are small and have problems with some larger weapons.
You are completely attuned to the shadows.


Message History

Your hound barely misses the wyvern.
The wyvern barely misses your hound.
Casting: Call Canine Familiar (dangerous; 6% risk of failure)
Confirm with . or Enter, or press ? or * to list all spells.
A beastly little devil appears in a puff of flame.
Your hound bites the wyvern.
The wyvern bites your hound!!
Your hound dies!
Your hound's corpse disappears in a puff of smoke!
Your crimson imp barely misses the wyvern.
Your crimson imp hits the wyvern but does no damage.
Casting: Call Imp (safe; 3% risk of failure)
Confirm with . or Enter, or press ? or * to list all spells.
The wyvern bites you but does no damage.
The wyvern attacks as you move away! The wyvern bites you!
* * * LOW HITPOINT WARNING * * *
The wyvern closely misses you.
Found 8 gold pieces.
The wyvern bites your hound!
Your hound dies!
Your hound's corpse disappears in a puff of smoke!
Your crimson imp barely misses the wyvern.
Casting: Call Canine Familiar (dangerous; 6% risk of failure)
Confirm with . or Enter, or press ? or * to list all spells.
The wyvern closely misses you. The wyvern attacks as you move away!
The wyvern bites you!
* * * LOW HITPOINT WARNING * * *
A stone appears from out of your range of vision.
The stone closely misses your crimson imp.
The wyvern closely misses you.
You feel much better.
Your hound misses the wyvern. The wyvern bites you!
* * * LOW HITPOINT WARNING * * *
Your hound barely misses the wyvern.
You swap places.
Something bites your crimson imp but does no damage.
Something bites your crimson imp!
Your crimson imp blinks!
The orc hits you but does no damage.
Your crimson imp hits the orc.
There is a stone staircase leading up here.
As you read the scroll of teleportation, it crumbles to dust.
You feel strangely unstable. The wyvern bites you!
You die...

...#############.#######
.....#..................
####.#.#########.#......
................>#.#..##
.###.#..).)........#..#
.###.#####....##5###..#
...... #.)...#oh....#
.###.# #.....#l##..$# .#
#.....#@.....# ..
##.....#.###..# ...
.....ยง..#.. ..#
###.....#.## .##
.......... ######... #..


You could see a wyvern (ally target), an orc, a friendly hound (summoned) and a
friendly crimson imp (summoned).

Vanquished Creatures
  3 necrophages
  An orc priest (D:5)
  An orc wizard (D:4)
  Robin (D:3)
  7 adders
  3 worms (D:2)
  A dart slug (D:3)
  5 orcs (D:4)
  8 ball pythons
  6 bats
  8 endoplasms
  A giant cockroach (D:3)
  14 goblins
  10 hobgoblins
  3 quokkas
  4 frilled lizards (D:1)
  4 kobolds
  4 rats
84 creatures vanquished.

Vanquished Creatures (collateral kills)
  A water moccasin (D:5)
  An orc wizard (D:5)
  An ufetubus (D:4)
  2 orcs (D:5)
  An endoplasm (D:3)
  2 hobgoblins (D:3)
  A frilled lizard (D:1)
  6 goblins (D:3)
  2 kobolds (D:3)
17 creatures vanquished.

Grand Total: 101 creatures vanquished

Notes
Turn   | Place    | Note
-------+----------+-------------------------------------------
     0 | D:1      | LnG the Kobold Summoner began the quest for the Orb.
     0 | D:1      | Reached XP level 1. HP: 10/10 MP: 3/3
   133 | D:1      | Reached XP level 2. HP: 15/15 MP: 5/5
   136 | D:1      | Learned a level 2 spell: Call Imp
   449 | D:1      | Reached skill level 3 in Stealth
   829 | D:1      | Reached XP level 3. HP: 17/19 MP: 6/6
   833 | D:1      | Learned a level 3 spell: Call Canine Familiar
  1097 | D:2      | Reached skill level 1 in Short Blades
  1274 | D:2      | Found a faded altar of an unknown god.
  1516 | D:2      | Reached XP level 4. HP: 24/24 MP: 7/7
  1557 | D:2      | Reached skill level 4 in Stealth
  1581 | D:2      | Found a hide-covered altar of Uskayaw.
  2104 | D:3      | Reached XP level 5. HP: 28/28 MP: 8/8
  2428 | D:3      | Found a stormy altar of Qazlal.
  2481 | D:3      | Noticed Robin
  2490 | D:3      | Reached skill level 5 in Stealth
  2498 | D:3      | Killed Robin
  2577 | D:3      | Found an ancient bone altar of Kikubaaqudgha.
  3097 | D:4      | Reached XP level 6. HP: 31/33 MP: 9/9
  3112 | D:4      | Reached skill level 6 in Stealth
  3227 | D:4      | Reached skill level 1 in Fighting
  3563 | D:5      | Entered Level 5 of the Dungeon
  3565 | D:5      | Noticed a wyvern
  3584 | D:4      | Learned a level 3 spell: Summon Guardian Golem
  3636 | D:5      | Reached XP level 7. HP: 38/38 MP: 11/11
  3653 | D:5      | Reached skill level 7 in Stealth
  3757 | D:5      | Noticed a water moccasin
  3769 | D:5      | Killed a water moccasin
  3824 | D:5      | HP: 1/38 [wyvern (11)]
  3830 | D:5      | Slain by a wyvern

Illustrated notes

Levels and vault maps discovered:
D:1:      tarquinn_simple_flora_water_f, layout_basic
D:2:      layout_basic, hellmonk_ecumenical_altar_blasted, basic_altar
D:3:      layout_basic, nicolae_kikubaaqudgha_miasma_corner,
          amcnicky_altar_gilded, uniq_robin
D:4:      layout_rooms
D:5:      layout_basic, vehumet_statue, dk_noncrumbling_2

Skill      XL: |  1  2  3  4  5  6  7 |
---------------+----------------------+-----
Stealth        | 3 4 5 6 7 |  7.6
Short Blades   | 1 2 3 |  3.7
Dodging        | 3 |  3.8
Fighting       | 1 |  1.4
Spellcasting   | 3 |  3.0
Summonings     | |  4.9

Action                   |  1- 3 |  4- 6 |  7- 9 || total
-------------------------+-------+-------+-------++-------
Melee: Dagger            |    76 |   144 |     9 ||   229
       Punch             |       |     3 |       ||     3
 Cast: Call Imp          |     2 |     1 |     2 ||     5
       Call Canine Famil |       |     5 |     4 ||     9
  Use: Scroll            |     1 |     7 |     1 ||     9
       Potion            |       |       |     1 ||     1
 Stab: Sleeping          |    10 |    23 |       ||    33
       Distracted        |     1 |     2 |       ||     3
Armor: Robe              |    23 |    54 |     5 ||    82
Dodge: Dodged            |    49 |   107 |     8 ||   164

Table legend: (Time is in decaauts)
 A = Elapsed time spent in this place.
 B = Non-inter-level travel time spent in this place.
 C = Inter-level travel time spent in this place.
 D = Time resting spent in this place.
 E = Time spent auto-exploring this place.
 F = Levels seen in this place.
 G = Mean time per level.
                   A        B        C        D        E       F      G
               +--------+--------+--------+--------+--------+-----+--------+
         Total |   3807 |   3630 |    177 |      4 |   2907 |   5 |  761.4 |
       Dungeon |   3807 |   3630 |    177 |      4 |   2907 |   5 |  761.4 |
               +--------+--------+--------+--------+--------+-----+--------+

Top non-repeatable levels by time:
     D:3: 1183 daAuts
     D:1: 1079 daAuts
     D:2: 773 daAuts
     D:4: 547 daAuts
     D:5: 223 daAuts
